 Dungeon Crawl Stone Soup version 0.31-a0-198-g2ad674f65e (webtiles) character file.

Game seed: 4895224194417816100

114 qw the Skirmisher (level 4, -1/25 HPs)
             Began as a Deep Elf Hunter on June 25, 2023.
             Slain by a gnoll
             ... wielding a +0 spear
              (4 damage)
             ... on level 3 of the Dungeon.
             The game lasted 00:00:32 (1659 turns).

qw the Skirmisher (Deep Elf Hunter)                 Turns: 1659, Time: 00:00:33

Health: -1/25      AC:  7    Str: 10    XL:     4   Next: 67%
Magic:  6/6        EV: 12    Int: 14    God:
Gold:   92         SH:  0    Dex: 18    Spells: 3/3 levels left

rFire   . . .        Y - +0 shortbow
rCold   . . .        (shield currently unavailable)
rNeg    . . .        d - +3 leather armour
rPois   .            (no helmet)
rElec   .            (no cloak)
rCorr   .            f - +0 pair of gloves
SInv    .            (no boots)
Will    .....        (no amulet)
Stlth   ++           (no ring)
HPRegen 0.24/turn    (no ring)
MPRegen 0.10/turn

%: no passive effects
@: about to teleport
A: no striking features
a: no special abilities


You were on level 3 of the Dungeon.
You visited 1 branch of the dungeon, and saw 3 of its levels.

You collected 92 gold pieces.


   Skills:
 - Level 1.5 Fighting
 + Level 8.1 Ranged Weapons
 - Level 2.4 Dodging
 - Level 1.2 Stealth


You had 3 spell levels left.
You didn't know any spells.
Your spell library was empty.

Inventory:

Hand Weapons
 Y - a +0 shortbow (weapon)
Armour
 d - a +3 leather armour (worn)
 f - a +0 pair of gloves (worn)
Scrolls
 c - a scroll of teleportation
 g - a scroll of revelation {unknown}
Potions
 a - a potion of degeneration {unknown}
 b - a potion of heal wounds {unknown}
 e - a potion of might {unknown}
 h - a potion of curing {unknown}

Dungeon Overview and Level Annotations

Branches:
Dungeon (3/15)

Altars:


Message History

The hobgoblin hits you. The gnoll barely misses you.
The jackal bites you but does no damage.
You shoot an arrow. The arrow closely misses the hobgoblin.
The jackal bites you but does no damage.
The hobgoblin closely misses you.
The jackal bites you but does no damage.
The gnoll hits you from afar with a +0 spear.
The jackal bites you but does no damage.
You shoot an arrow. The arrow barely misses the hobgoblin.
The jackal bites you but does no damage.
The jackal closely misses you. The hobgoblin misses you.
The gnoll closely misses you.
You shoot an arrow. The arrow hits the hobgoblin.
You kill the hobgoblin!
The jackal closely misses you. The jackal misses you.
The gnoll hits you from afar with a +0 spear.
The jackal closely misses you.
You shoot an arrow. The arrow hits the kobold.
You kill the kobold!
The jackal barely misses you.
The jackal bites you but does no damage.
The gnoll closely misses you. The jackal barely misses you.
You shoot an arrow. The arrow hits the jackal.
The jackal is moderately wounded.
The jackal bites you but does no damage.
The jackal barely misses you.
The gnoll hits you from afar with a +0 spear.
The jackal bites you but does no damage.
1658 ||| READING 2 scrolls of teleportation.
As you read the scroll of teleportation, it crumbles to dust.
You feel strangely unstable.
The jackal bites you but does no damage.
The gnoll hits you but does no damage.
The jackal bites you but does no damage.
The gnoll hits you with a +0 club. The jackal barely misses you.
You shoot an arrow. The arrow hits the jackal.
You kill the jackal!
The jackal misses you.
The gnoll hits you from afar with a +0 spear.
You die...

..........)).....#
.....###........##
#.....%)........#
..........%.....#
...#?...#.###.###
#....#..#.# .#
....###...# .#
..## ##..# # #%@#
#h%g.....#
....g...###
#####.[#.# ... #
.#.. )#..# .....
..


You could see 2 gnolls and a jackal.

Vanquished Creatures
  A hound (D:2)
  A gnoll (D:3)
  3 adders (D:2)
  An orc (D:3)
  2 bats
  2 endoplasms
  4 giant cockroaches
  3 goblins
  5 hobgoblins
  3 jackals (D:3)
  5 quokkas
  8 ball pythons
  4 frilled lizards
  3 kobolds
  4 rats
49 creatures vanquished.

Notes
Turn   | Place    | Note
-------+----------+-------------------------------------------
     0 | D:1      | qw the Deep Elf Hunter began the quest for the Orb.
     0 | D:1      | Reached XP level 1. HP: 12/12 MP: 3/3
     0 | D:1      | 0 ||| qw: Version: 0.3-a-22-g0ed2b0b
     0 | D:1      | 0 ||| qw: Game counter: 4978
     0 | D:1      | 0 ||| qw: Melee chars always use a shield: true
     0 | D:1      | 0 ||| qw: God list: Okawaru
     0 | D:1      | 0 ||| qw: Allow faded altars: false
     0 | D:1      | 0 ||| qw: Do Orc after clearing Dungeon:15 true
     0 | D:1      | 0 ||| qw: Do second Lair branch before Depths: true
     0 | D:1      | 0 ||| qw: Lair rune preference: random
     0 | D:1      | 0 ||| qw: Goals: Normal
     0 | D:1      | 0 ||| PLANNING D:1-11
   264 | D:1      | Reached XP level 2. HP: 16/16 MP: 4/4
   266 | D:1      | Reached skill level 6 in Ranged Weapons
   600 | D:1      | 600 ||| UPGRADING to +3 leather armour.
   610 | D:1      | 610 ||| DROPPING +0 leather armour.
   611 | D:1      | 611 ||| UPGRADING to +0 pair of gloves.
   616 | D:1      | 616 ||| READING scroll labelled YNWOB VOESSONO.
   617 | D:1      | 617 ||| READING scroll labelled KUEMO LOAMADEY.
   622 | D:1      | 622 ||| DROPPING scroll of butterflies.
   687 | D:2      | Reached XP level 3. HP: 20/20 MP: 5/5
   834 | D:2      | Reached skill level 7 in Ranged Weapons
  1143 | D:2      | Reached XP level 4. HP: 13/25 MP: 6/6
  1258 | D:2      | You fall into a shaft and drop 1 floor!
  1272 | D:3      | 1272 ||| READING scroll labelled IBLUGAL SEEH.
  1639 | D:3      | Reached skill level 8 in Ranged Weapons
  1657 | D:3      | HP: 5/25 [gnoll/+0 spear (2)]
  1658 | D:3      | 1658 ||| READING 2 scrolls of teleportation.
  1658 | D:3      | HP: 2/25 [gnoll/+0 club (3)]
  1659 | D:3      | Slain by a gnoll

Levels and vault maps discovered:
D:1:      co_arrival_square_in_a_square_in_a_square, layout_basic,
          dk_noncrumbling_4
D:2:      layout_loops_corners, grunt_decor_resistance
D:3:      kennysheep_goblin_castle, layout_rooms, uniq_jessica

Skill      XL: |  1  2  3  4 |
---------------+-------------+-----
Ranged Weapons | 6 7 8 |  8.1
Fighting       | |  1.5
Dodging        | |  2.4
Stealth        | |  1.2

Action                     |  1- 3 |  4- 6 || total
---------------------------+-------+-------++-------
   Fire: Shortbow          |    90 |    44 ||   134
    Use: Scroll            |     2 |     2 ||     4
 Armour: Leather armour    |     8 |    21 ||    29
  Dodge: Dodged            |    16 |    38 ||    54

Table legend:
 A = Non-vault XP
 B = Vault XP
 C = Vault XP percentage of total XP
 D = Non-vault monster count
 E = Vault monster count
 F = Vault count percentage of total count
                 A         B        C        D         E       F
            +---------+---------+-------+---------+---------+-------
      Total |     166 |       0 |   0.0 |      49 |       0 |   0.0
            +---------+---------+-------+---------+---------+-------
        D:1 |      22 |       0 |   0.0 |      14 |       0 |   0.0
        D:2 |     111 |       0 |   0.0 |      23 |       0 |   0.0
        D:3 |      33 |       0 |   0.0 |      12 |       0 |   0.0
            +---------+---------+-------+---------+---------+-------
